 Dungeon Crawl Stone Soup version 0.26.0-18-gc5c842f807 (webtiles) character file.

Game seed: 17737897813872284634

34739 Qrupt the Covert (level 13, -5/76 HPs)
             Began as a Vampire Earth Elementalist on Jan 23, 2021.
             Was the Champion of Fedhas.
             Slain by a dire elephant (33 damage)
             ... on level 6 of the Lair of Beasts.
             The game lasted 01:41:44 (22139 turns).

Qrupt the Covert (Vampire Earth Elementalist)      Turns: 22139, Time: 01:41:46

Health: -5/76      AC:  7    Str: 11    XL:     13   Next: 43%
Magic:  9/24       EV: 19    Int: 27    God:    Fedhas [******]
Gold:   1037       SH:  0    Dex: 14    Spells: 2/26 levels left

rFire    x . .     SeeInvis +   P - +1 trident (flame)
rCold    + + +     Faith    .   (no shield)
rNeg     + + +     Spirit   .   m - +0 robe of Gualeth {rElec rN+ Str+4 Stlth-}
rPois    ∞         Reflect  .   u - +0 helmet
rElec    +         Harm     .   k - scarf {repulsion}
rCorr    .         Rampage  .   X - +1 pair of gloves of Free Expression {*Slow rElec Regen+ Int+4}
Will     +....                  U - +0 pair of boots
Stlth    ++++++....             (no amulet)
HPRegen  0.00/turn              c - ring of wizardry
MPRegen  0.19/turn              M - ring of ice

@: bloodless, repel missiles
A: fangs 3, see invisible, unbreathing
a: Bat Form, Revivify, Renounce Religion, Wall of Briars, Grow Ballistomycete,
Overgrow, Grow Oklob


You were on level 6 of the Lair of Beasts.
You worshipped Fedhas.
Fedhas was exalted by your worship.
You visited 3 branches of the dungeon, and saw 18 of its levels.
You also visited: Gauntlet.

You collected 1079 gold pieces.
You spent 42 gold pieces at shops.

Inventory:

Hand Weapons
 P - a +1 trident of flaming (weapon)
Missiles
 b - 119 stones
 T - 21 silver javelins
Armour
 i - a +2 robe of cold resistance
 k - a scarf of repulsion (worn)
 m - the +0 robe of Gualeth (worn) {rElec rN+ Str+4 Stlth-}
   (You found it in a Gauntlet)

   It affects your strength (+4).
   It insulates you from electricity.
   It protects you from negative energy.
   It makes you less stealthy.
 u - a +0 helmet (worn)
 U - a +0 pair of boots (worn)
 X - the +1 pair of gloves of Free Expression (worn) {*Slow rElec Regen+ Int+4}
   (You acquired it on level 4 of the Lair of Beasts)

   It affects your intelligence (+4).
   It insulates you from electricity.
   It increases your rate of regeneration.
   It may slow you when you take damage.
Magical Staves
 I - an uncursed staff of cold
 R - an uncursed staff of fire
Jewellery
 a - an uncursed ring of see invisible
 c - a ring of wizardry (left hand)
 g - an uncursed ring of stealth
 q - a +6 ring of dexterity
 s - an uncursed ring of willpower
 M - a ring of ice (right hand)
 V - an uncursed ring of flight
Wands
 v - a wand of flame (22)
 E - a wand of enslavement (10)
 G - a wand of disintegration (28)
 K - a wand of iceblast (2)
 N - a wand of paralysis (25)
 S - a wand of random effects (40)
Scrolls
 d - a scroll of silence {unknown}
 e - 6 scrolls of remove curse
 f - a scroll of magic mapping
 l - 5 scrolls of fog
 n - 3 scrolls of amnesia
 o - 2 scrolls of blinking
 x - a scroll of noise {unknown}
 y - 2 scrolls of immolation
 z - 3 scrolls of holy word {unknown}
 C - 5 scrolls of teleportation
 D - 2 scrolls of enchant armour {unknown}
 Q - 6 scrolls of brand weapon {unknown}
 W - 3 scrolls of fear {unknown}
Potions
 h - 4 potions of heal wounds
 j - 5 potions of curing
 p - 5 potions of mutation
 r - a potion of haste {unknown}
 t - 5 potions of might
 w - a potion of cancellation
 A - 3 potions of flight
 B - a potion of brilliance {unknown}
 H - 3 potions of degeneration {unknown}
 J - 2 potions of attraction {unknown}
 L - 2 potions of lignification {unknown}
 O - 2 potions of berserk rage {unknown}
 Y - a potion of magic {unknown}
 Z - 2 potions of invisibility {unknown}


   Skills:
 + Level 6.6 Fighting
 - Level 5.0 Armour
 - Level 11.0 Dodging
 - Level 12.5 Stealth
 - Level 7.3 Spellcasting
 - Level 3.0 Conjurations
 + Level 4.1 Summonings
 - Level 6.3 Transmutations
 + Level 3.4 Fire Magic
 + Level 4.2 Air Magic
 - Level 10.4 Earth Magic
 + Level 6.5 Invocations


You had 2 spell levels left.
You knew the following spells:

 Your Spells              Type           Power        Failure   Level
a - Sandblast             Erth           100%         1%          1
b - Stone Arrow           Conj/Erth      92%          1%          3
c - Passwall              Tmut/Erth      44%          1%          2
d - Petrify               Tmut/Erth      53%          1%          4
e - Lee's Rapid Deconstr  Erth           30%          1%          5
f - Bolt of Magma         Conj/Fire/Erth 20%          6%          5
g - Summon Lightning Spi  Summ/Air       32%          4%          4

Your spell library contained the following spells:

 Spells                   Type           Power        Failure   Level
 Call Imp                 Summ           32%          1%          2
 Freeze                   Ice            56%          2%          1
 Call Canine Familiar     Summ           32%          1%          3
 Frozen Ramparts          Ice            28%          7%          3
 Ozocubu's Armour         Ice            14%          7%          3
 Summon Ice Beast         Ice/Summ       31%          10%         4
 Hailstorm                Conj/Ice       27%          12%         4
 Summon Forest            Summ/Tloc      10%          26%         5
 Haunt                    Necr/Summ      10%          100%        7
 Infestation              Necr           4%           100%        8
 Borgnjor's Revivificati  Necr           Unusable     N/A         8
 Necromutation            Tmut/Necr      Unusable     N/A         8
 Death's Door             Necr           Unusable     N/A         9

Dungeon Overview and Level Annotations

Branches:
Dungeon (11/15)            Temple (1/1) D:6            Lair (6/6) D:8
  Swamp (0/4) Lair:4        Snake (0/4) Lair:2        Slime (0/5) Lair:6
    Orc (0/2) D:9         Gauntlet (visited)

Altars:
Cheibriados
Dithmenos
Elyvilon
Fedhas
Gozag
Hepliaklqana
Kikubaaqudgha
Nemelex Xobeh
Okawaru
Qazlal
Ru
Sif Muna
Trog
Uskayaw
Vehumet
Wu Jian
Xom
Zin
The Shining One
Jiyva
Lugonu

Shops:
D:5 ((   D:9 ?

Portals:
Abyss: Lair:6

Annotations:
D:9 exclusion: downstairs
Lair:2 1 exclusion


Innate Abilities, Weirdness & Mutations

You do not regenerate when monsters are visible.
You are frail without blood (-20% HP).
You can heal yourself when you bite living creatures.
You are immune to poison.
You have razor-sharp teeth.
You have supernaturally acute eyesight. (SInv)
You can survive without breathing.


Message History

The bolt of electricity hits the dire elephant!
Your lightning spire shoots out a bolt of lightning at the dire elephant!
The bolt of electricity hits the dire elephant.
You hit the dire elephant but do no damage.
The dire elephant is almost dead.
The dire elephant tramples you!!
You stumble backwards!
The dire elephant tramples you!
You stumble backwards!
Evoke which item? (* to show all) (? for menu, Esc to quit)
Aiming: Iceblast
Press: ? - help, Shift-Dir - straight line, p - dire elephant The mass of ice explodes!
The iceblast engulfs the dire elephant.
The dire elephant is almost dead.
The dire elephant closely misses you. The dire elephant misses you.
Casting: Summon Lightning Spire (dangerous; 4% risk of failure)
Confirm with . or Enter, or press ? or * to list all spells.
An electric hum fills the air.
Your lightning spire disappears in a puff of smoke!
The dire elephant tramples you!!
You die...
Fedhas appreciates your contribution to the ecosystem.

.......#.##............####......
........###............###.......
.......## #............##.P......
.......####......##.###..........
#.......##.....##.### ##.........
#.......#......##.#####..........
.........P.....#.##..#...........
.................................
................@Y8.......###.###
............#P.............######
..........###.................#.P
...........########.#............
...........## #####...§..........
............###..#####...........
............#.#.P.#.##...........
###P.....∩.......................
# ####...........................


You could see a dire elephant and a friendly lightning spire (summoned).

Vanquished Creatures
  A minotaur (Gauntlet)
  6 hydras
  Harold (D:10)
  An anaconda (Lair:6)
  Urug (Lair:1)
  A wizard (Gauntlet)
  4 black mambas
  Maurice (D:8)
  A torpor snail (Lair:6)
  9 komodo dragons
  2 rime drakes
  Maggie (Lair:1)
  14 cane toads
  19 blink frogs
  2 slime creatures (Gauntlet)
  7 dream sheep
  A shadow (D:8)
  18 yaks
  A wyvern (Lair:4)
  3 basilisks
  A fire bat (Gauntlet)
  A steam dragon (D:10)
  Grum (D:9)
  3 swamp worms (Lair:4)
  10 water moccasins
  2 ice beasts
  3 black bears
  4 sky beasts
  A necrophage (D:6)
  2 orc warriors
  2 phantoms
  9 ogres
  8 wolves
  4 centaurs
  A big kobold (D:7)
  13 bullfrogs
  2 gnoll sergeants
  3 scorpions
  A wyvern skeleton (D:8)
  9 killer bees
  An electric eel (Lair:4)
  A howler monkey (D:7)
  A quasit (D:10)
  A hound (D:8)
  A gnoll shaman (D:3)
  3 jellies
  4 orc priests
  A centaur skeleton (D:6)
  5 iguanas
  11 orc wizards
  Crazy Yiuf (D:6)
  2 bullfrog skeletons
  5 worker ants
  A hound skeleton (D:7)
  A worker ant zombie (D:6)
  12 gnolls
  2 howler monkey skeletons
  6 adders
  3 shadow imps
  3 white imps
  An ufetubus (D:8)
  3 oozes
  An adder zombie (D:9)
  2 adder skeletons
  A dart slug (D:1)
  7 leopard geckos
  23 orcs
  2 giant cockroaches
  5 goblins
  10 hobgoblins
  3 ball pythons
  8 bats
  6 frilled lizards
  14 kobolds
  7 rats
  A fire vortex (Lair:2)
  A lurking horror (Lair:6)
334 creatures vanquished.

Vanquished Creatures (collateral kills)
  A catoblepas (Lair:6)
  A fire crab (Gauntlet)
  A komodo dragon (Lair:6)
  A polar bear (Lair:6)
  3 dream sheep (Lair:6)
  A fire bat (Gauntlet)
  2 water moccasins (Lair:6)
  A shadow imp (Gauntlet)
  A white imp (Gauntlet)
  2 ballistomycete spores (Lair:2)
14 creatures vanquished.

Vanquished Creatures (others)
  Pikel (D:9)
  A lemure (D:9)
  An orc priest (D:9)
  3 orcs (D:9)
  22 demonic plants (Gauntlet)
  34 fungi
  42 plants
104 creatures vanquished.

Grand Total: 452 creatures vanquished

Notes
Turn   | Place    | Note
-------+----------+-------------------------------------------
     0 | D:1      | Qrupt the Vampire Earth Elementalist began the quest for
                  | the Orb.
     0 | D:1      | Reached XP level 1. HP: 13/13 MP: 3/3
    95 | D:1      | Reached XP level 2. HP: 19/19 MP: 3/5
   793 | D:1      | Reached XP level 3. HP: 24/24 MP: 6/6
  1026 | D:2      | Found an ornate altar of the Wu Jian Council.
  1136 | D:2      | Found a stormy altar of Qazlal.
  1137 | D:2      | Found a shadowy altar of Dithmenos.
  1394 | D:2      | Found a bloodstained altar of Trog.
  1449 | D:2      | Reached skill level 4 in Stealth
  1522 | D:2      | Learned a level 3 spell: Stone Arrow
  1768 | D:3      | You fall into a shaft and drop 3 floors!
  1780 | D:6      | Reached XP level 4. HP: 18/30 MP: 7/7
  1876 | D:6      | Found a staircase to the Ecumenical Temple.
  1895 | Temple   | Entered the Ecumenical Temple
  2012 | Temple   | Became a worshipper of Fedhas Madash
  2150 | D:6      | Reached XP level 5. HP: 29/35 MP: 4/9
  2208 | D:6      | Reached skill level 1 in Conjurations
  2211 | D:6      | Noticed a necrophage
  2262 | D:5      | Entered Level 5 of the Dungeon
  2262 | D:5      | Noticed an ogre
  2268 | D:5      | Killed an ogre
  2269 | D:5      | Reached skill level 5 in Stealth
  2269 | D:5      | Reached XP level 6. HP: 41/41 MP: 0/10
  2742 | D:3      | Reached * piety under Fedhas
  3179 | D:3      | Reached skill level 6 in Stealth
  3179 | D:3      | Reached XP level 7. HP: 9/46 MP: 4/12
  3854 | D:4      | Learned a level 2 spell: Passwall
  3859 | D:4      | Learned a level 4 spell: Petrify
  3859 | D:4      | Reached XP level 8. HP: 61/61 MP: 12/17
  3866 | D:4      | Learned a level 5 spell: Lee's Rapid Deconstruction
  4113 | D:5      | Found Jeippere's Antique Weapon Emporium.
  4193 | D:5      | Found Usaxurch's Weapon Shoppe.
  5054 | D:6      | Found a shimmering blue altar of Sif Muna.
  5066 | D:6      | Reached XP level 9. HP: 67/67 MP: 8/18
  5312 | D:6      | Reached skill level 7 in Stealth
  5433 | D:6      | Reached ** piety under Fedhas
  5620 | D:6      | Found a runed translucent door.
  5621 | D:6      | Noticed Crazy Yiuf
  5707 | D:6      | Killed Crazy Yiuf
  6146 | D:7      | Found a blossoming altar of Fedhas.
  6559 | D:7      | Found a snail-covered altar of Cheibriados.
  6711 | D:8      | Reached *** piety under Fedhas
  7033 | D:8      | Found a staircase to the Lair.
  7060 | D:8      | Reached skill level 8 in Stealth
  7676 | D:8      | Reached XP level 10. HP: 54/58 MP: 14/20
  8070 | D:8      | Found a shimmering blue altar of Sif Muna.
  8517 | D:9      | Noticed Grum
  8732 | D:9      | Noticed Maurice
  8745 | D:8      | Killed Maurice
  8746 | D:8      | Reached skill level 9 in Stealth
  8746 | D:8      | Reached skill level 1 in Invocations
  8866 | D:9      | Found a radiant altar of Vehumet.
  8893 | D:9      | Reached **** piety under Fedhas
  8953 | D:9      | Noticed Pikel
  9235 | D:9      | Found a staircase to the Orcish Mines.
  9291 | D:9      | Killed Pikel
  9303 | D:9      | Killed Grum
  9526 | D:9      | Found Puji's Magic Scroll Shop.
  9532 | D:9      | Bought a scroll of teleportation for 42 gold pieces
  9639 | D:10     | Entered Level 10 of the Dungeon
  9653 | D:10     | You fall into a shaft and drop 1 floor!
  9814 | D:10     | Reached skill level 1 in Armour
 10477 | D:10     | Noticed Harold
 10957 | D:10     | Killed Harold
 11195 | D:10     | Reached skill level 10 in Stealth
 11275 | D:10     | Reached XP level 11. HP: 62/62 MP: 14/22
 11317 | D:10     | Noticed a boulder beetle
 11399 | D:10     | Noticed a deep troll
 11457 | Lair:1   | Entered Level 1 of the Lair of Beasts
 11742 | Lair:1   | Noticed Maggie
 11756 | Lair:1   | Killed Maggie
 12374 | Lair:1   | Found a white marble altar of Elyvilon.
 12806 | Lair:1   | Noticed Urug
 12941 | Lair:1   | Noticed a four-headed hydra
 12976 | Lair:1   | Killed a four-headed hydra
 12977 | Lair:1   | Reached skill level 11 in Stealth
 13185 | Lair:1   | Killed Urug
 13583 | Lair:2   | Found a staircase to the Snake Pit.
 13755 | Lair:2   | Reached skill level 10 in Dodging
 13911 | Lair:2   | Noticed an eight-headed hydra
 14367 | Lair:2   | Reached ***** piety under Fedhas
 14558 | Lair:2   | Reached XP level 12. HP: 68/68 MP: 5/23
 14978 | Lair:2   | Reached skill level 10 in Earth Magic
 15275 | Lair:2   | Killed an eight-headed hydra
 15276 | Lair:2   | Reached skill level 12 in Stealth
 15276 | Lair:2   | Reached skill level 5 in Invocations
 15401 | Lair:2   | You fall into a shaft and drop 2 floors!
 16120 | Lair:3   | Noticed a catoblepas
 16688 | Lair:3   | Noticed an eight-headed hydra
 16700 | Lair:3   | Killed an eight-headed hydra
 16701 | Lair:3   | Reached skill level 5 in Fighting
 16701 | Lair:3   | Reached skill level 5 in Armour
 17407 | Lair:4   | Identified 2 scrolls of acquirement
 17408 | Lair:4   | Acquired the +1 pair of gloves of Free Expression {*Slow
                  | rElec Regen+ Int+4}
 17425 | Lair:4   | Acquired the Volume of the Destructive Entourage
 17433 | Lair:4   | Learned a level 5 spell: Bolt of Magma
 17438 | Lair:4   | Learned a level 4 spell: Summon Lightning Spire
 17460 | Lair:4   | Noticed a seven-headed hydra
 17471 | Lair:4   | Killed a seven-headed hydra
 17717 | Lair:4   | Reached skill level 1 in Summonings
 17717 | Lair:4   | Reached skill level 1 in Air Magic
 17926 | Lair:3   | Reached skill level 1 in Fire Magic
 18249 | Lair:4   | Found a staircase to the Swamp.
 19386 | Lair:5   | Reached XP level 13. HP: 74/74 MP: 12/24
 19490 | Lair:6   | Entered Level 6 of the Lair of Beasts
 19506 | Lair:6   | Found a gate leading to a gauntlet.
 19518 | Gauntlet | Entered a Gauntlet
 19518 | Gauntlet | Found a transporter.
 19518 | Gauntlet | Found a transporter.
 19518 | Gauntlet | Found a transporter.
 19538 | Gauntlet | Found a transporter.
 19583 | Gauntlet | Found a transporter.
 19607 | Gauntlet | Found a transporter.
 19612 | Gauntlet | Found a transporter.
 19618 | Gauntlet | Found a transporter.
 19638 | Gauntlet | Found a transporter.
 19644 | Gauntlet | Found a transporter.
 19662 | Gauntlet | Found a transporter.
 19685 | Gauntlet | Found a transporter.
 19805 | Gauntlet | Noticed a minotaur
 20377 | Gauntlet | Killed a minotaur
 20550 | Gauntlet | Got a brightly glowing robe
 20556 | Gauntlet | Identified the +0 robe of Gualeth {rElec rN+ Str+4 Stlth-}
                  | (You found it in a Gauntlet)
 21272 | Lair:6   | Noticed a dire elephant
 21567 | Lair:6   | Found a viscous altar of Jiyva.
 21567 | Lair:6   | Found a staircase to the Slime Pits.
 21593 | Lair:6   | Reached ****** piety under Fedhas
 21654 | Lair:6   | Found a one-way gate to the infinite horrors of the Abyss.
 21655 | Lair:6   | Found a corrupted altar of Lugonu.
 21771 | Lair:6   | Noticed a dire elephant
 21933 | Lair:6   | Noticed a dire elephant
 22090 | Lair:6   | Noticed a dire elephant
 22139 | Lair:6   | Slain by a dire elephant

Illustrated notes

Levels and vault maps discovered:
D:1:      psy_arrival_terrarium, layout_loops_corners
D:2:      layout_basic, nzn_wu_jian_contemplation,
          nicolae_overflow_hidden_temple, lemuel_doored_altar, serial_forest,
          infiniplex_forest_clump_curved, infiniplex_forest_lined_corner,
          infiniplex_forest_lined_3, infiniplex_forest_straight_3
D:3:      layout_rooms
D:4:      layout_rooms
D:5:      layout_loops_ring, serial_shops, nicolae_shop_behind_doors,
          shop_statue
D:6:      layout_loops_ring, general_overflow_altar,
          minmay_temple_entry_gardened_gates, uniq_crazy_yiuf_cottage
D:7:      layout_basic, hangedman_feature_mirror
D:8:      kennysheep_orc_sif_temple, layout_loops_corners, lair_entry_dummy
D:9:      layout_basic, fiery_altar_vehumet, orc_0_dummy, serial_shops, shop,
          uniq_grum, uniq_maurice, uniq_pikel
D:10:     layout_roguey, minmay_evil_grid, uniq_harold
D:11:     layout_stronghold, okawaru_ov_weapons_minmay, uniq_fannar
Temple:   dshaligram_water_room_temple
Lair:1:   layout_gridlike, basic_altar, serial_bayou_shore_b,
          grunt_megastairs_1, infiniplex_staircase_pool_2, uniq_maggie,
          uniq_urug
Lair:2:   layout_gridlike, dummy_snake_entry
Lair:3:   layout_cave_pods, chequers_serial_rivers_room_b, grunt_megastairs_5
Lair:4:   layout_regular_city, nicolae_swamp_entry_splash_gauntlet
Lair:5:   layout_gridlike
Lair:6:   due_jungle_book, layout_cellular_growth, slime_altar_1,
          gauntlet_entry_generic, amcnicky_altar_lugonu_corruption,
          grunt_megastairs_4

Skill      XL: |  1  2  3  4  5  6  7  8  9 10 11 12 13 |
---------------+----------------------------------------+-----
Transmutations | 2 6 |  6.3
Stealth        | 4 5 6 8 10 11 12 | 12.5
Conjurations   | 1 2 3 |  3.0
Spellcasting   | 3 6 7 |  7.3
Dodging        | 3 7 8 9 10 11 | 11.0
Earth Magic    | 4 7 8 9 10 | 10.4
Fighting       | 4 5 6 |  6.6
Invocations    | 2 4 5 6 |  6.5
Armour         | 1 4 5 |  5.0
Summonings     | 2 4 |  4.1
Air Magic      | 2 4 |  4.2
Fire Magic     | 2 3 |  3.4

Action                   |  1- 3 |  4- 6 |  7- 9 | 10-12 | 13-15 || total
-------------------------+-------+-------+-------+-------+-------++-------
Melee: Dagger            |    74 |       |       |       |       ||    74
       Bite              |     4 |     3 |     9 |    19 |     2 ||    37
       Trident           |    73 |    48 |   124 |   171 |    15 ||   431
 Cast: Sandblast         |     7 |    47 |    90 |   184 |    60 ||   388
       Stone Arrow       |       |     5 |    45 |   189 |    25 ||   264
       Petrify           |       |       |    12 |    35 |     2 ||    49
       Lee's Rapid Decon |       |       |     3 |    16 |       ||    19
       Summon Lightning  |       |       |       |     2 |    23 ||    25
       Bolt of Magma     |       |       |       |       |    16 ||    16
       Passwall          |       |       |       |       |     2 ||     2
Invok: Grow Ballistomyce |       |       |       |     1 |       ||     1
 Abil: Exsanguinate      |       |       |     1 |       |       ||     1
Evoke: Wand              |       |       |       |    33 |     5 ||    38
  Use: Scroll            |       |       |     7 |     9 |     5 ||    21
       Potion            |       |       |     1 |       |     2 ||     3
 Stab: Sleeping          |    16 |     2 |    14 |     8 |       ||    40
       Distracted        |       |       |     1 |       |       ||     1
       Petrified         |       |       |    25 |    31 |       ||    56
       Petrifying        |       |       |     2 |     1 |       ||     3
Armor: Robe              |    41 |     5 |    16 |       |     8 ||    70
       Leather armour    |       |       |       |    39 |     5 ||    44
Dodge: Dodged            |   112 |    64 |   120 |   275 |    79 ||   650
       Repelled          |       |       |       |       |     4 ||     4
